 Dungeon Crawl Stone Soup version 0.21.1-1-g345015fe64 (webtiles) character file.

46 Revguard the Ducker (level 3, 0/31 HPs)
             Began as a Gnoll Wanderer on June 9, 2018.
             Slain by Terence
             ... wielding a +0 falchion
              (3 damage)
             ... on level 2 of the Dungeon.
             The game lasted 00:04:31 (1003 turns).

Revguard the Ducker (Gnoll Wanderer)                Turns: 1003, Time: 00:04:32

Health: 0/31       AC:  4    Str: 16    XL:     3   Next: 68%
Magic:  4/4        EV: 16    Int: 12    God:
Gold:   104        SH:  0    Dex: 15    Spells: 3/3 levels left

rFire    . . .     SeeInvis .   b - +0 falchion
rCold    . . .     Gourm    .   (no shield)
rNeg     . . .     Faith    .   m - +0 leather armour
rPois    .         Spirit   .   i - +1 hat
rElec    .         Reflect  .   (no cloak)
rCorr    +         Harm     .   (no gloves)
MR       .....                  (no boots)
Stlth    ++........             (no amulet)
HPRegen  0.10/turn              j - ring of resist corrosion
MPRegen  0.09/turn              (no ring)

@: no status effects
A: distributed training, fangs 1, strong nose
a: no special abilities


You were on level 2 of the Dungeon.
You were hungry.

You visited 1 branch of the dungeon, and saw 2 of its levels.

You collected 104 gold pieces.

Inventory:

Hand Weapons
 b - a +0 falchion (weapon)
 c - a +0 spear
Missiles
 g - 16 arrows
 h - 5 needles of confusion
Armour
 d - a +0 robe
 i - a +1 hat (worn)
 m - a +0 leather armour (worn)
Jewellery
 j - a ring of resist corrosion (left hand)
Scrolls
 e - a scroll of enchant armour {unknown}
 k - a scroll of noise {unknown}
 n - 2 scrolls of identify {unknown}
 o - a scroll of teleportation {unknown}
Potions
 l - a potion of flight {unknown}
Books
 a - a book of Changes

   Spells                             Type                      Level
   a - Beastly Appendage              Transmutation                1
   b - Sticks to Snakes               Transmutation                2
   c - Spider Form                    Transmutation/Poison         3
   d - Ice Form                       Ice/Transmutation            4
   e - Blade Hands                    Transmutation                5
Comestibles
 f - 3 rations


   Skills:
 + Level 4.5 Fighting
 + Level 0.9 Short Blades
 + Level 0.9 Long Blades
 + Level 0.9 Axes
 + Level 0.9 Maces & Flails
 + Level 0.9 Polearms
 + Level 0.9 Staves
 + Level 0.9 Slings
 + Level 0.9 Bows
 + Level 0.9 Crossbows
 + Level 0.9 Throwing
 + Level 0.9 Armour
 + Level 6.5 Dodging
 + Level 2.4 Stealth
 + Level 0.9 Shields
 + Level 0.9 Unarmed Combat
 + Level 0.9 Spellcasting
 + Level 0.6 Conjurations
 + Level 0.6 Hexes
 + Level 0.6 Charms
 + Level 0.6 Summonings
 + Level 0.6 Necromancy
 + Level 0.6 Translocations
 + Level 3.8 Transmutations
 + Level 0.6 Fire Magic
 + Level 2.1 Ice Magic
 + Level 0.6 Air Magic
 + Level 0.6 Earth Magic
 + Level 0.6 Poison Magic
 + Level 1.0 Invocations
 + Level 2.6 Evocations


You had 3 spell levels left.
You didn't know any spells.

Dungeon Overview and Level Annotations

Branches:
Dungeon (2/15)

Altars:

Annotations:
D:2 Terence


Innate Abilities, Weirdness & Mutations

Your experience applies equally to all skills.
You have very sharp teeth.
Your uncanny sense of smell can sniff out nearby items.


Message History

Terence closely misses you.
You hit Terence but do no damage.
Terence is lightly wounded.
The jackal closely misses you. The jackal misses you.
Terence hits you with a falchion!
You hit Terence.
Terence is moderately wounded.
The jackal barely misses you. Terence hits you with a falchion.
The jackal completely misses you.
You riposte.
You closely miss the jackal.
The jackal is severely wounded.
You closely miss the jackal.
The jackal is severely wounded.
The jackal bites you. Terence barely misses you. The jackal bites you.
You hit Terence. You bite Terence, but do no damage.
Terence is severely wounded.
You are feeling hungry.
Terence hits you with a falchion!
* * * LOW HITPOINT WARNING * * *
The jackal completely misses you. Terence hits you with a falchion.
You die...

#### ######
#####....
##.....##........
#................
.........).......
.........(.......
.......>.........
........h†.......
.......@@........
.................
#................
##.....##.......#
###... ....###..
#... ...## >.
#... ### #..


You could see Terence and a jackal.

Vanquished Creatures
  A gnoll (D:1)
  An ooze (D:1)
  A worm (D:2)
  A giant cockroach (D:1)
  4 goblins (D:1)
  5 hobgoblins
  4 jackals
  A bat (D:1)
  3 frilled lizards (D:1)
  4 kobolds
  3 rats (D:1)
28 creatures vanquished.

Notes
Turn   | Place    | Note
-------+----------+-------------------------------------------
     0 | D:1      | Revguard the Gnoll Wanderer began the quest for the Orb.
     0 | D:1      | Revguard set off with: a book of Changes, a +0 falchion, a +0 spear, a +0 robe, a ration
     0 | D:1      | Reached XP level 1. HP: 20/20 MP: 2/2
   131 | D:1      | Reached XP level 2. HP: 19/26 MP: 3/3
   683 | D:1      | Reached XP level 3. HP: 25/31 MP: 4/4
   966 | D:2      | Reached skill level 1 in Invocations
   992 | D:2      | Noticed Terence
  1003 | D:2      | Slain by Terence

Skill      XL: |  1  2  3 |
---------------+----------+-----
Ice Magic      | 2 |  2.1
Invocations    | 1 |  1.0
Fighting       | |  4.5
Short Blades   | |  0.9
Long Blades    | |  0.9
Axes           | |  0.9
Maces & Flails | |  0.9
Polearms       | |  0.9
Staves         | |  0.9
Slings         | |  0.9
Bows           | |  0.9
Crossbows      | |  0.9
Throwing       | |  0.9
Armour         | |  0.9
Dodging        | |  6.5
Stealth        | |  2.4
Shields        | |  0.9
Unarmed Combat | |  0.9
Spellcasting   | |  0.9
Conjurations   | |  0.6
Hexes          | |  0.6
Charms         | |  0.6
Summonings     | |  0.6
Necromancy     | |  0.6
Translocations | |  0.6
Transmutations | |  3.8
Fire Magic     | |  0.6
Air Magic      | |  0.6
Earth Magic    | |  0.6
Poison Magic   | |  0.6
Evocations     | |  2.6

Action                   || total
-------------------------++-------
Melee: Falchion          ||    82
       Bite              ||    10
 Stab: Sleeping          ||     3
Armor: Robe              ||    11
       Leather armour    ||     4
Dodge: Dodged            ||    91
       Rpst.: Falchion   ||    25
